 Dungeon Crawl Stone Soup version 0.24.0-13-gcf9b319 (webtiles) character file.

Game seed: 4237253307748590134, levelgen mode: deterministic

484 Bronimir the Ruffian (level 6, -13/48 HPs)
             Began as a Draconian Transmuter on Mar 30, 2020.
             Mangled by a two-headed ogre
             ... wielding a cursed -1 giant club
              (16 damage)
             ... on level 4 of the Dungeon.
             The game lasted 00:08:59 (4168 turns).

Bronimir the Ruffian (Draconian Transmuter)         Turns: 4168, Time: 00:09:00

Health: -13/48     AC:  2    Str: 15    XL:     6   Next: 88%
Magic:  3/9        EV: 20    Int: 18    God:
Gold:   165        SH:  4    Dex: 16    Spells: 4/10 levels left

rFire    . . .     SeeInvis .     - Unarmed
rCold    . . .     Gourm    .   (shield currently unavailable)
rNeg     . . .     Faith    .   (armour unavailable)
rPois    x         Spirit   .   (helmet currently unavailable)
rElec    .         Reflect  +   (cloak currently unavailable)
rCorr    .         Harm     .   (gloves currently unavailable)
MR       .....                  (boots currently unavailable)
Stlth    +.........             h - +4 amulet of reflection
HPRegen  0.16/turn              m - ring of flight
MPRegen  0.11/turn              (no ring)

@: brilliant, spider-form (expiring)
A: tiny, unfitting armour, AC +6
a: End Transformation, Evoke Flight


You were on level 4 of the Dungeon.
You were not hungry.
You were a venomous arachnid creature.
You visited 1 branch of the dungeon, and saw 4 of its levels.

You collected 165 gold pieces.

Inventory:

Missiles
 a - 81 arrows
 b - 205 stones (quivered)
 j - 52 bolts
Armour
 u - a scarf of cloud immunity (melded)
 x - a +2 robe of magic resistance
Jewellery
 h - a +4 amulet of reflection (around neck)
 m - a ring of flight (left front leg)
 o - an uncursed ring of flight
 p - a +3 ring of slaying {unknown}
 s - an uncursed amulet of the acrobat {unknown}
Scrolls
 d - a scroll of enchant weapon {unknown}
 f - 4 scrolls of identify {unknown}
 g - 2 scrolls of random uselessness {unknown}
 i - 3 scrolls of fear {unknown}
 t - a scroll of teleportation {unknown}
 w - a scroll of blinking {unknown}
Potions
 e - a potion of flight {unknown}
 k - a potion of berserk rage {unknown}
 l - 2 potions of mutation {unknown}
 n - 2 potions of degeneration {unknown}
 r - 2 potions of brilliance
 v - 2 potions of might {unknown}
Comestibles
 c - 10 rations


   Skills:
 + Level 1.7 Fighting
 + Level 2.3 Dodging
 * Level 6.0 Unarmed Combat
 + Level 2.6 Spellcasting
 * Level 3.6 Transmutations
 * Level 2.1 Poison Magic


You had 4 spell levels left.
You knew the following spells:

 Your Spells              Type           Power        Failure   Level  Hunger
a - Beastly Appendage     Tmut           ####..       1%          1    #......
b - Sticks to Snakes      Tmut           ####....     2%          2    ##.....
c - Spider Form           Tmut/Pois      ###.......   4%          3    ###....

Your spell library contained the following spells:

 Spells                   Type           Power        Failure   Level  Hunger
 Ice Form                 Ice/Tmut       ###.....     16%         4    #####..
 Blade Hands              Tmut           ####......   19%         5    ######.


Dungeon Overview and Level Annotations

Branches:
Dungeon (4/15)
 Temple: D:4-7

Altars:


Innate Abilities, Weirdness & Mutations

((Your plain brown scales are hard. (AC +6)))
You cannot fit into any form of body armour.
((You are cold-blooded and may be slowed by cold attacks.))


Message History

Your ball python bites the two-headed ogre but does no damage.
Your transformation is almost over.
Your adder bites the two-headed ogre but does no damage.
The two-headed ogre hits you with a cursed -1 giant club!
The two-headed ogre hits you with a +0 dire flail!
* * * LOW HITPOINT WARNING * * *
Your ball python bites the two-headed ogre but does no damage.
Your adder barely misses the two-headed ogre.
Your ball python barely misses the two-headed ogre.
Your adder barely misses the two-headed ogre.
Your ball python bites the two-headed ogre but does no damage.
Your adder bites the two-headed ogre.
Your ball python bites the two-headed ogre.
Okay, then.
Okay, then.
It was a potion of brilliance.
You feel clever all of a sudden. You block the two-headed ogre's attack.
The two-headed ogre hits you with a +0 dire flail!
You die...

#. ###..## ##. #.
##.)...# ##.. #.
##...#..## ##...
#.
##.>###...###....
#.###..##
##......###
####.#..##
##...### #
#......## ##### #
##.......## #
#....SOs..### #
#....S......# #
#............# #
#............# #
#..........#.# .
#.........###.# #
##.......## .
##.....## #######


You could see a two-headed ogre, a friendly adder and a friendly ball python.

Vanquished Creatures
  Edmund (D:4)
  Duvessa (D:4)
  Dowan (D:4)
  An orc wizard (D:3)
  Jessica (D:3)
  A worker ant (D:4)
  7 adders
  An ooze (D:1)
  3 worms (D:2)
  2 dart slugs (D:1)
  2 leopard geckos
  3 orcs (D:3)
  2 ball pythons
  4 giant cockroaches (D:1)
  6 goblins
  8 hobgoblins
  5 kobolds (D:1)
  8 bats
  6 frilled lizards
  8 rats
71 creatures vanquished.

Notes
Turn   | Place    | Note
-------+----------+-------------------------------------------
     0 | D:1      | Bronimir the Draconian Transmuter began the quest for the
                  | Orb.
     0 | D:1      | Reached XP level 1. HP: 16/16 MP: 3/3
   146 | D:1      | Reached XP level 2. HP: 23/23 MP: 5/5
   611 | D:1      | Reached XP level 3. HP: 27/28 MP: 6/6
   790 | D:1      | Reached skill level 4 in Unarmed Combat
  1440 | D:2      | Learned a level 2 spell: Sticks to Snakes
  1446 | D:2      | Learned a level 3 spell: Spider Form
  1478 | D:2      | Reached XP level 4. HP: 23/35 MP: 7/7
  2068 | D:2      | Reached skill level 1 in Poison Magic
  2576 | D:3      | Reached XP level 5. HP: 35/40 MP: 4/8
  2725 | D:3      | Reached skill level 5 in Unarmed Combat
  3045 | D:3      | Noticed Jessica
  3051 | D:3      | Killed Jessica
  3393 | D:4      | Noticed Dowan
  3400 | D:4      | Killed Dowan
  3407 | D:4      | Noticed Duvessa
  3428 | D:4      | Killed Duvessa
  3428 | D:4      | Reached XP level 6. HP: 5/47 MP: 3/9
  3982 | D:4      | Noticed Edmund
  4000 | D:4      | Killed Edmund
  4000 | D:4      | Reached skill level 6 in Unarmed Combat
  4149 | D:4      | Noticed a two-headed ogre
  4164 | D:4      | HP: 2/48 [two-headed ogre/cursed -1 giant club (13)]
  4168 | D:4      | Mangled by a two-headed ogre

Levels and vault maps discovered:
D:1:      dpeg_arrival_morbid_curiosity, layout_basic, serial_curves,
          eino_curves_03, eino_curves_02, hangedman_decor_points,
          minmay_worlds_worst_comb
D:2:      layout_basic
D:3:      layout_loops_ring, uniq_jessica
D:4:      layout_layer_cave, first_ration, uniq_duvessa, uniq_edmund

Skill      XL: |  1  2  3  4  5  6 |
---------------+-------------------+-----
Dodging        | 2 |  2.3
Unarmed Combat | 4 5 6 |  6.0
Poison Magic   | 1 2 |  2.1
Transmutations | 3 |  3.6
Fighting       | |  1.7
Spellcasting   | |  2.6

Action                   |  1- 3 |  4- 6 || total
-------------------------+-------+-------++-------
Melee: Unarmed           |   146 |   138 ||   284
       Tailslap          |    15 |     4 ||    19
       Kick              |     3 |       ||     3
       Punch             |     2 |     2 ||     4
       Headbutt          |     1 |     1 ||     2
 Cast: Beastly Appendage |     3 |     3 ||     6
       Spider Form       |       |    11 ||    11
       Sticks to Snakes  |       |     6 ||     6
  Use: Potion            |       |     1 ||     1
 Stab: Sleeping          |     1 |       ||     1
       Distracted        |       |     1 ||     1
  Eat: Chunk             |     1 |     9 ||    10
       Ration            |       |     1 ||     1
Armor: Skin              |    59 |    29 ||    88
Dodge: Dodged            |    99 |    75 ||   174
Block: Other             |    22 |    22 ||    44
       Reflection        |       |     1 ||     1
